 Dungeon Crawl Stone Soup version 0.26.1-11-gd32895ea62 (webtiles) character file.

Game seed: 15988459130861626137

10585 Zeld the Cruncher (level 11, -4/64 HPs)
             Began as an Octopode Gladiator on May 20, 2021.
             Was a Believer of Wu Jian.
             Slain by a black mamba (11 damage)
             ... on level 2 of the Lair of Beasts.
             The game lasted 00:18:43 (19402 turns).

Zeld the Cruncher (Octopode Gladiator)             Turns: 19402, Time: 00:18:44

Health: -4/64      AC:  3    Str: 13    XL:     11   Next: 64%
Magic:  11/11      EV: 14    Int: 11    God:    Wu Jian [**....]
Gold:   382        SH:  5    Dex: 17    Spells: 10/10 levels left

rFire    . . .     SeeInvis +   n - +3 quarterstaff (spect)
rCold    . . .     Faith    .   (shield currently unavailable)
rNeg     . . .     Spirit   .   b - +2 hat
rPois    .         Reflect  +   A - amulet of reflection
rElec    .         Harm     .   d - ring of stealth
rCorr    .         Rampage  .   p - ring of see invisible
Will     .....                  (no ring)
Stlth    ++++......             (no ring)
HPRegen  0.20/turn              (no ring)
MPRegen  0.12/turn              (no ring)
                                (no ring)
                                (no ring)

@: no status effects
A: almost no armour, stealthy swim, amphibious, 8 rings, constrict 8, camouflage
1, gelatinous body 1
a: Renounce Religion, Wall Jump


You were on level 2 of the Lair of Beasts.
You worshipped Wu Jian.
Wu Jian was pleased with you.
You visited 3 branches of the dungeon, and saw 13 of its levels.

You collected 718 gold pieces.
You spent 336 gold pieces at shops.

Inventory:

Hand Weapons
 n - a +3 spectral quarterstaff (weapon)
 u - a +3 quarterstaff of chaos
 E - a +3 quarterstaff of speed
Missiles
 c - 4 throwing nets
 v - 17 boomerangs (quivered)
Armour
 b - a +2 hat (worn)
Jewellery
 d - a ring of stealth (left tentacle)
 p - a ring of see invisible (right tentacle)
 A - an amulet of reflection (around mantle)
Wands
 s - a wand of acid (7)
 w - a wand of digging (6)
Scrolls
 a - a scroll of brand weapon {unknown}
 e - 2 scrolls of holy word
 h - 10 scrolls of remove curse
 j - 6 scrolls of amnesia
 r - a scroll of magic mapping
 x - 4 scrolls of teleportation
Potions
 g - 4 potions of flight
 i - a potion of cancellation
 k - 2 potions of ambrosia
 l - 3 potions of resistance
 m - 2 potions of haste
 z - a potion of berserk rage {unknown}
 B - 2 potions of might {unknown}
 D - 2 potions of lignification {unknown}
 F - a potion of experience {unknown}
Miscellaneous
 q - a phantom mirror


   Skills:
 - Level 2.0 Fighting
 - Level 14.0 Staves
 * Level 11.2 Throwing
 - Level 3.0 Dodging


You had 10 spell levels left.
You didn't know any spells.
Your spell library contained the following spells:

 Spells                   Type           Power        Failure   Level
 Animate Skeleton         Necr           0%           34%         1
 Beastly Appendage        Tmut           0%           34%         1
 Magic Dart               Conj           0%           34%         1
 Pain                     Necr           0%           34%         1
 Searing Ray              Conj           0%           47%         2
 Wereblood                Tmut           0%           47%         2
 Confusing Touch          Hex            0%           71%         3
 Dazzling Flash           Conj/Hex       0%           71%         3
 Gell's Gravitas          Tloc           0%           71%         3
 Spider Form              Tmut/Pois      0%           71%         3
 Vampiric Draining        Necr           0%           71%         3
 Animate Dead             Necr           0%           98%         4
 Fulminant Prism          Conj/Hex       0%           98%         4
 Ice Form                 Ice/Tmut       0%           98%         4
 Iskenderun's Mystic Bla  Conj/Tloc      0%           98%         4
 Petrify                  Tmut/Erth      0%           98%         4
 Agony                    Necr           0%           100%        5
 Blade Hands              Tmut           0%           100%        5
 Borgnjor's Vile Clutch   Necr/Erth      0%           100%        5
 Metabolic Englaciation   Hex/Ice        0%           100%        5
 Yara's Violent Unravell  Hex/Tmut       0%           100%        5
 Death Channel            Necr           0%           100%        6
 Simulacrum               Ice/Necr       0%           100%        6


Dungeon Overview and Level Annotations

Branches:
Dungeon (10/15)            Temple (1/1) D:7            Lair (2/6) D:9
  Swamp: Lair:2-4    Shoals: Lair:2-4     Snake: Lair:2-4    Spider: Lair:2-4
    Orc: D:9-12

Altars:
Ashenzari
Cheibriados
Dithmenos
Elyvilon
Fedhas
Gozag
Hepliaklqana
Kikubaaqudgha
Makhleb
Nemelex Xobeh
Okawaru
Qazlal
Ru
Sif Muna
Trog
Uskayaw
Vehumet
Wu Jian
Xom
Yredelemnul
Zin
The Shining One

Shops:
D:7 *

Portals:
Trove: D:10 (give 6 scrolls of fear)

Annotations:
D:7 3 runed translucent doors, Romesagentofchaos's ghost, novice DrBe
D:10 4 runed translucent doors


Innate Abilities, Weirdness & Mutations

You cannot wear most types of armour.
You are very stealthy in the water. (Stealth+)
You are amphibious.
You can wear up to eight rings at the same time.
You can use your tentacles to constrict eight enemies at once.
Your skin changes colour to match your surroundings (Stealth+).
Your rubbery body absorbs attacks. (AC +1, EV +1)


Message History

The black mamba is lightly wounded.
You constrict the black mamba.
You feel sick. The black mamba bites you!
You are lethally poisoned!
The black mamba poisons you!
You are too injured to fight recklessly!
You are too injured to fight recklessly!
You are too injured to fight recklessly!
You sock the black mamba!
You squeeze the black mamba, but do no damage.
The black mamba is heavily wounded.
You constrict the black mamba.
You feel sick. The black mamba bites you!
* * * LOW HITPOINT WARNING * * *
Unknown command.
You feel better.
You constrict the black mamba. The black mamba bites you!
* * * LOW HITPOINT WARNING * * *
You are lethally poisoned!
The black mamba poisons you! The black mamba misses you.
Unknown command.
You feel better.
You constrict the black mamba. The black mamba bites you!
You die...

###.....# #P.......
##.. #......###...#
###.......#P...#
#........#....#
#.........#...#
#.....S..#...#
.......@.#...#
........#...#
#.(.....#..<#
#..........P....P#
.#...............#
.......#...........
...#.####..#.....[#
##### #.P#......#
#..###.)###


You could see a black mamba.

Vanquished Creatures
  An ogre mage (D:10)
  An ugly thing (D:10)
  4 cane toads
  A black mamba (Lair:1)
  A gargoyle (D:10)
  2 komodo dragons (Lair:1)
  A hornet (D:10)
  A polar bear (Lair:1)
  Sigmund (D:3)
  6 yaks
  A steam dragon (D:6)
  Menkaure (D:4)
  The ghost of nomophobia the Bolt Thrower, an amateur KoHu of Wu Jian (D:4)
  A soldier ant (D:5)
  2 water moccasins
  2 phantoms
  3 orc warriors
  2 ice beasts
  3 sky beasts
  5 ogres
  2 black bears
  2 necrophages
  3 wolves (Lair:1)
  4 centaurs
  A big kobold (D:10)
  11 bullfrogs
  5 scorpions
  10 killer bees
  An oklob sapling (D:7)
  2 bullfrog zombies
  A centaur zombie (D:5)
  A jelly (D:10)
  5 orc priests
  Crazy Yiuf (D:7)
  4 hounds
  Terence (D:2)
  Ijyb (D:3)
  3 iguanas
  6 orc wizards
  13 worker ants
  A hound zombie (D:9)
  2 hound skeletons
  Robin (D:2)
  11 adders
  7 gnolls
  3 worker ant zombies
  A white imp (D:5)
  An ufetubus (D:10)
  2 oozes (D:5)
  2 worms
  2 dart slugs (D:1)
  3 leopard geckos
  51 orcs
  5 bats
  12 giant cockroaches
  13 goblins
  10 hobgoblins
  16 jackals
  13 kobolds
  5 quokkas
  4 ball pythons
  4 frilled lizards
  2 leopard gecko zombies
  2 quokka skeletons
  7 rats
  2 butterflies
299 creatures vanquished.

Vanquished Creatures (others)
  18 fungi
  15 plants
33 creatures vanquished.

Grand Total: 332 creatures vanquished

Notes
Turn   | Place    | Note
-------+----------+-------------------------------------------
     0 | D:1      | Zeld the Octopode Gladiator began the quest for the Orb.
     0 | D:1      | Reached XP level 1. HP: 14/14 MP: 1/1
   282 | D:1      | Reached XP level 2. HP: 15/19 MP: 2/2
  1154 | D:1      | Reached skill level 4 in Staves
  1405 | D:2      | Found a snail-covered altar of Cheibriados.
  1469 | D:2      | Reached XP level 3. HP: 23/24 MP: 3/3
  1720 | D:2      | Noticed Terence
  1729 | D:2      | Killed Terence
  1795 | D:2      | Reached XP level 4. HP: 29/29 MP: 4/4
  2039 | D:2      | Reached skill level 5 in Staves
  2039 | D:2      | Noticed Robin
  2045 | D:2      | Killed Robin
  2840 | D:3      | Reached XP level 5. HP: 32/34 MP: 5/5
  3099 | D:3      | Noticed Sigmund
  3115 | D:3      | Killed Sigmund
  3116 | D:3      | Reached skill level 6 in Staves
  3116 | D:3      | Reached XP level 6. HP: 24/39 MP: 6/6
  3281 | D:3      | Reached skill level 7 in Staves
  3679 | D:3      | Noticed Ijyb
  3687 | D:3      | Killed Ijyb
  4244 | D:4      | Found a runed translucent door.
  4244 | D:4      | Noticed nomophobia's ghost (amateur KoHu)
  4302 | D:4      | Noticed a phantom
  4605 | D:4      | Killed a phantom
  4606 | D:4      | Reached skill level 8 in Staves
  4606 | D:4      | Reached XP level 7. HP: 14/45 MP: 7/7
  5023 | D:4      | Noticed Menkaure
  5030 | D:4      | Killed Menkaure
  5285 | D:5      | Entered Level 5 of the Dungeon
  5833 | D:5      | Reached skill level 9 in Staves
  5878 | D:5      | Found a broken altar of Ashenzari.
  5897 | D:5      | Reached XP level 8. HP: 50/50 MP: 8/8
  6081 | D:5      | Found a runed translucent door.
  6088 | D:5      | Found a runed translucent door.
  6104 | D:5      | Found an ancient bone altar of Kikubaaqudgha.
  6670 | D:6      | Found a glowing silver altar of Zin.
  6794 | D:4      | Killed nomophobia's ghost
  6795 | D:4      | Reached skill level 10 in Staves
  7385 | D:6      | Found a hazy altar of Hepliaklqana.
  7397 | D:6      | Found a sacrificial altar of Ru.
  7836 | D:7      | Found a sparkling altar of Nemelex Xobeh.
  8014 | D:7      | Reached skill level 11 in Staves
  8582 | D:6      | Reached XP level 9. HP: 46/54 MP: 9/9
  8636 | D:7      | Found a runed translucent gate.
  8636 | D:7      | Found a runed translucent gate.
  8637 | D:7      | Found a runed translucent gate.
  9390 | D:7      | Found a staircase to the Ecumenical Temple.
  9406 | D:7      | Found Epsejaaw's General Store.
  9418 | D:7      | Bought a potion of curing for 36 gold pieces
  9418 | D:7      | Bought a scroll of identify for 24 gold pieces
  9418 | D:7      | Bought a scroll of identify for 24 gold pieces
  9418 | D:7      | Bought a scroll of remove curse for 36 gold pieces
  9418 | D:7      | Bought a potion of ambrosia for 96 gold pieces
  9581 | D:7      | Reached skill level 12 in Staves
  9840 | Temple   | Entered the Ecumenical Temple
  9884 | Temple   | Became a worshipper of the Wu Jian Council
 10296 | D:7      | Noticed Romesagentofchaos's ghost (novice DrBe)
 10653 | D:7      | Found a runed translucent door.
 10654 | D:7      | Noticed Crazy Yiuf
 10844 | D:7      | Killed Crazy Yiuf
 11014 | D:5      | Found an ancient bone altar of Kikubaaqudgha.
 11030 | D:5      | Found a runed translucent door.
 11319 | D:5      | Found a broken altar of Ashenzari.
 12042 | D:7      | Reached skill level 13 in Staves
 13258 | D:9      | Found an opulent altar of Gozag.
 13260 | D:9      | Reached XP level 10. HP: 60/60 MP: 10/10
 13411 | D:9      | Found a shimmering altar of Xom.
 13531 | D:9      | Reached skill level 14 in Staves
 13672 | D:9      | Reached * piety under Wu Jian
 13747 | D:9      | Found a white marble altar of Elyvilon.
 13884 | D:7      | Bought a potion of resistance for 120 gold pieces
 14053 | D:9      | Found a glowing golden altar of the Shining One.
 14799 | D:9      | Reached skill level 5 in Throwing
 14835 | D:9      | Found a staircase to the Lair.
 15268 | D:9      | Found an iron altar of Okawaru.
 15356 | D:10     | Entered Level 10 of the Dungeon
 15725 | D:10     | Reached ** piety under Wu Jian
 15772 | D:10     | Noticed a cyan ugly thing
 15782 | D:10     | Killed a cyan ugly thing
 15935 | D:10     | Found a large runed translucent door.
 15936 | D:10     | Found a large runed translucent door.
 15945 | D:10     | Found a large runed translucent door.
 15945 | D:10     | Found a large runed translucent door.
 15946 | D:10     | Noticed an unseen horror
 15946 | D:10     | Noticed a wolf spider
 15993 | D:10     | Noticed an ogre mage
 16001 | D:10     | Killed an ogre mage
 16002 | D:10     | Reached XP level 11. HP: 45/64 MP: 11/11
 16810 | D:10     | Found a portal to a secret trove of treasure.
 16985 | D:10     | Reached *** piety under Wu Jian
 17369 | Lair:1   | Entered Level 1 of the Lair of Beasts
 17610 | Lair:1   | Reached skill level 10 in Throwing
 19401 | Lair:2   | HP: 2/64 [black mamba (17)]
 19402 | Lair:2   | Slain by a black mamba

Illustrated notes

Levels and vault maps discovered:
D:1:      erik_arrival_cave_to_civilisation [erik_arrival_cave_to_hall],
          layout_basic
D:2:      layout_basic, lemuel_round_altar, uniq_terence, uniq_robin
D:3:      layout_loops_ring, uniq_sigmund, uniq_ijyb
D:4:      layout_rooms, gammafunk_ghost_grave, uniq_menkaure
D:5:      lemuel_insect_pit, layout_basic, lemuel_doored_altar, basic_altar
D:6:      layout_loops_ring, kennysheep_little_box, nicolae_ru_awakened_eye,
          nzn_hepliaklqana_mist_gate
D:7:      layout_cave_pools, nemelex_xobeh_ov_fountains_minmay,
          minmay_temple_entry_oklob, serial_shops, nicolae_shop_behind_doors,
          gammafunk_ghost_icy, uniq_crazy_yiuf_cottage
D:8:      layout_basic
D:9:      layout_loops_corners, overflow_temple_1_default,
          gammafunk_temple_overflow_forgotten, elyvilon_altar_5,
          grunt_lair_entry_orc_guard_hut
D:10:     layout_loops_corners, enter_trove_3, special_room [special_room_orc],
          minmay_hollow_rounded_squares
Temple:   grunt_temple_mini_profane
Lair:1:   layout_regular_city, grunt_megastairs_4, lemuel_fruit_fields
Lair:2:   layout_cave_pods

Skill      XL: |  1  2  3  4  5  6  7  8  9 10 11 |
---------------+----------------------------------+-----
Staves         | 4 5 6 8 9 11 13 14 | 14.0
Throwing       | 9 11 | 11.2
Fighting       | |  2.0
Dodging        | |  3.0

Action                   |  1- 3 |  4- 6 |  7- 9 | 10-12 || total
-------------------------+-------+-------+-------+-------++-------
Melee: Quarterstaff      |    47 |   157 |   281 |   357 ||   842
       Constrict         |    16 |    36 |    47 |    61 ||   160
       Tentacles         |     5 |    29 |    68 |    98 ||   200
Throw: Boomerang         |       |       |       |    12 ||    12
Invok: Lunge             |       |       |    13 |    31 ||    44
       Whirlwind         |       |       |       |     8 ||     8
       Serpent's Lash    |       |       |       |     1 ||     1
Evoke: Wand              |       |       |     5 |    10 ||    15
  Use: Scroll            |       |       |    15 |    10 ||    25
       Potion            |       |       |       |     4 ||     4
 Stab: Sleeping          |     8 |    12 |    12 |    14 ||    46
       Distracted        |       |     1 |     1 |     2 ||     4
Armor: Skin              |     4 |     3 |     9 |     7 ||    23
Dodge: Dodged            |    27 |    90 |   101 |    82 ||   300
Block: Other             |       |       |    24 |    29 ||    53
       Reflection        |       |       |     2 |     2 ||     4
